 Dungeon Crawl Stone Soup version 0.29-a0-885-gb26ba3297d (webtiles) character file.

Game seed: 4692866203258734820

158 oldmanjim the Insei (level 5, 0/33 HPs)
             Began as an Octopode Transmuter on July 21, 2022.
             Slain by an adder (3 damage)
             ... on level 4 of the Dungeon.
             The game lasted 00:17:44 (4264 turns).

oldmanjim the Insei (Octopode Transmuter)           Turns: 4264, Time: 00:17:45

Health: 0/33       AC:  1    Str: 10    XL:     5   Next: 40%
Magic:  8/9        EV: 13    Int: 17    God:
Gold:   146        SH:  0    Dex: 12    Spells: 6/10 levels left

rFire   . . .      SeeInvis .     - Unarmed
rCold   + . .      Faith    .   (no shield)
rNeg    . . .      Spirit   .   (helmet currently unavailable)
rPois   .          Reflect  .   (no amulet)
rElec   .          Harm     .   k - ring of protection from cold
rCorr   .          Rampage  .   (no ring)
Will    .....                   (no ring)
Stlth   ++........              (no ring)
HPRegen 0.11/turn               (no ring)
MPRegen 0.11/turn               (no ring)
                                (no ring)
                                (no ring)

@: appendages
A: tentacle spike 3, almost no armour, amphibious, 8 rings, camouflage 1,
gelatinous body 1, (nimble swimmer 1), tentacles
a: End Transformation


You were on level 4 of the Dungeon.
One of your tentacles had grown a beastly spike.
You visited 1 branch of the dungeon, and saw 4 of its levels.

You collected 146 gold pieces.

Inventory:

Missiles
 d - 13 stones (quivered)
Magical Staves
 b - a staff of poison
Jewellery
 k - a ring of protection from cold (left tentacle)
Scrolls
 e - a scroll of summoning {unknown}
 g - a scroll of teleportation {unknown}
 l - a scroll of enchant weapon {unknown}
 o - a scroll of fear {unknown}
 q - a scroll of blinking {unknown}
 r - a scroll of poison {unknown}
 s - a scroll of amnesia {unknown}
Potions
 a - a potion of lignification
 c - a potion of degeneration {unknown}
 f - a potion of mutation {unknown}
 h - 3 potions of resistance
 i - a potion of heal wounds
 j - a potion of haste {unknown}
 m - a potion of invisibility {unknown}
 n - a potion of curing
 p - 2 potions of might


   Skills:
 - Level 1.0 Fighting
 - Level 2.0 Dodging
 - Level 4.0 Unarmed Combat
 - Level 3.0 Spellcasting
 + Level 3.4 Transmutations
 + Level 2.1 Poison Magic


You had 6 spell levels left.
You knew the following spells:

 Your Spells              Type           Power      Damage    Failure   Level
a - Beastly Appendage     Tmut           28%        N/A       4%          1
b - Spider Form           Tmut/Pois      12%        N/A       17%         3

Your spell library contained the following spells:

 Spells                   Type           Power      Damage    Failure   Level
 Wereblood                Tmut           14%        N/A       6%          2
 Blink                    Tloc           4%         N/A       26%         2
 Ice Form                 Ice/Tmut       8%         N/A       65%         4
 Manifold Assault         Tloc           2%         N/A       99%         5
 Storm Form               Tmut/Air       4%         N/A       100%        7


Dungeon Overview and Level Annotations

Branches:
Dungeon (4/15)
 Temple: D:4-7

Altars:
Nemelex Xobeh
Trog
Wu Jian


Innate Abilities, Weirdness & Mutations

One of your tentacles has grown a beastly spike.
You cannot wear most types of armour.
You are amphibious.
You can wear up to eight rings at the same time.
Your skin changes colour to match your surroundings (Stealth+).
Your rubbery body absorbs attacks. (AC +1, EV +1)
((You are camouflaged when in or above water. (Stealth+)))
You have tentacles for arms and can constrict up to eight enemies at once.


Message History

You constrict the hobgoblin. The hobgoblin hits you.
You tentacle-slap the hobgoblin.
You kill the hobgoblin!
No target in view!
Magic restored.
Your transformation is almost over.
Your tentacle spike disappears.
HP restored.
Things that are here:
a hobgoblin corpse; an adder corpse An orc wizard comes into view.
It is wielding a +0 dagger.
Casting: Beastly Appendage (safe; 4% risk of failure)
Confirm with . or Enter, or press ? or * to list all spells.
One of your tentacles grows a vicious spike.
An adder comes into view.
An orc wizard comes into view. It is wielding a +0 dagger.
The orc wizard shouts!
You hear a shout! x2
An orc comes into view.
It is wielding a +1 short sword of venom.
You see here a book of Flames.
The adder hisses angrily.
The orc wizard gestures at you while chanting.
The magic dart hits you.
The orc wizard points at you and mumbles some strange words.
The magic dart hits you!
The orc wizard gestures at you while chanting.
The magic dart hits you!
The orc wizard gestures at you while chanting.
The magic dart hits you.
* * * LOW HITPOINT WARNING * * *
Your transformation is almost over.
Things that are here:
a hobgoblin corpse; an adder corpse Your tentacle spike disappears.
The adder attacks as you move away! The adder bites you.
* * * LOW HITPOINT WARNING * * *
Casting: Beastly Appendage (safe; 4% risk of failure)
Confirm with . or Enter, or press ? or * to list all spells.
One of your tentacles grows a vicious spike.
The adder bites you.
You die...

#.#####.# #.#<..#.#
#.###.#.# ##### #.# #.#.#
#...# #.# #.#.# #...#
#.###.#.# #...# #.....#.#
#..o###################.##
.........o.....S@........#
..########################
..# ..# ..... .#.#.#
.#..... .#..... .#.....


You could see an orc wizard and an adder.

Vanquished Creatures
  8 adders
  3 worms (D:2)
  3 dart slugs
  5 ball pythons
  8 endoplasms
  2 giant cockroaches
  A goblin (D:1)
  12 hobgoblins
  9 jackals
  5 kobolds
  A quokka (D:1)
  3 bats
  4 frilled lizards
  3 rats
67 creatures vanquished.

Vanquished Creatures (others)
  7 toadstools (D:1)
7 creatures vanquished.

Grand Total: 74 creatures vanquished

Notes
Turn   | Place    | Note
-------+----------+-------------------------------------------
     0 | D:1      | oldmanjim the Octopode Transmuter began the quest for the
                  | Orb.
     0 | D:1      | Reached XP level 1. HP: 13/13 MP: 3/3
   303 | D:1      | Reached XP level 2. HP: 15/18 MP: 3/5
  1029 | D:1      | Reached XP level 3. HP: 22/23 MP: 4/6
  1033 | D:1      | Learned a level 3 spell: Spider Form
  1835 | D:2      | Reached skill level 1 in Poison Magic
  2042 | D:2      | Reached XP level 4. HP: 13/28 MP: 7/7
  3109 | D:2      | Reached XP level 5. HP: 18/33 MP: 7/9
  3389 | D:2      | Found a sparkling altar of Nemelex Xobeh.
  3563 | D:3      | Reached skill level 4 in Unarmed Combat
  3616 | D:3      | Found an ornate altar of the Wu Jian Council.
  3621 | D:3      | Found a bloodstained altar of Trog.
  3663 | D:3      | Found a faded altar of an unknown god.
  4264 | D:4      | Slain by an adder

Illustrated notes

Levels and vault maps discovered:
D:1:      nagdon_arrival_zigzag_paths, layout_basic
D:2:      layout_loops_ring, basic_altar, minmay_hedge_maze
D:3:      layout_loops_ring, grunt_temple_overflow_open,
          hellmonk_ecumenical_altar_dog_temple
D:4:      layout_basic, minitemple

Skill      XL: |  1  2  3  4  5 |
---------------+----------------+-----
Poison Magic   | 1 2 |  2.1
Transmutations | 3 |  3.4
Spellcasting   | 3 |  3.0
Unarmed Combat | 4 |  4.0
Fighting       | |  1.0
Dodging        | |  2.0

Action                   |  1- 3 |  4- 6 || total
-------------------------+-------+-------++-------
Melee: Unarmed           |    75 |    83 ||   158
       Kick              |    28 |    25 ||    53
       Constrict         |    18 |    22 ||    40
       Tentacles         |    14 |    16 ||    30
       Punch             |     3 |     3 ||     6
Throw: Stone             |     2 |     3 ||     5
 Cast: Beastly Appendage |    27 |    27 ||    54
  Use: Scroll            |       |     4 ||     4
 Stab: Sleeping          |     3 |       ||     3
Armor: Skin              |     6 |     6 ||    12
Dodge: Dodged            |    36 |    52 ||    88

Table legend: (Time is in decaauts)
 A = Elapsed time spent in this place.
 B = Non-inter-level travel time spent in this place.
 C = Inter-level travel time spent in this place.
 D = Time resting spent in this place.
 E = Time spent auto-exploring this place.
 F = Levels seen in this place.
 G = Mean time per level.
                   A        B        C        D        E       F      G
               +--------+--------+--------+--------+--------+-----+--------+
         Total |   4251 |   4183 |     68 |    558 |   2985 |   4 | 1062.8 |
       Dungeon |   4251 |   4183 |     68 |    558 |   2985 |   4 | 1062.8 |
               +--------+--------+--------+--------+--------+-----+--------+

Top non-repeatable levels by time:
     D:1: 1755 daAuts
     D:2: 1751 daAuts
     D:3: 595 daAuts
     D:4: 150 daAuts
